 Dungeon Crawl Stone Soup version 0.18.1-50-g88ac8fd (webtiles) character file.

564 luca467 the Skirmisher (level 7, 0/52 HPs)
             Began as an Octopode Fighter on Sept 15, 2016.
             Was a Follower of Dithmenos.
             Slain by a hound (5 damage)
             ... on level 5 of the Dungeon.
             The game lasted 00:16:01 (3868 turns).

luca467 the Skirmisher (Octopode Fighter)           Turns: 3868, Time: 00:16:02

Health: 0/52       AC:  1    Str: 15    XL:     7   Next: 32%
Magic:  7/7        EV: 11    Int: 10    God:    Dithmenos [*.....]
Gold:   155        SH: 10    Dex: 14    Spells: 0 memorised, 6 levels left

rFire  . . .     SeeInvis .     a - +0 long sword
rCold  + . .     Gourm    .     b - +1 shield
rNeg   . . .     Faith    .     (helmet restricted)
rPois  .         Spirit   .     (no amulet)
rElec  .         Dismiss  .     h - ring of protection from cold
rCorr  .         Reflect  .     (no ring)
SustAt .         Harm     .     (no ring)
MR     .....                    (no ring)
Stlth  +++.......               (no ring)
                                (no ring)
                                (no ring)
                                (no ring)

@: wreathed by umbra, not resistant to hostile enchantments, fairly stealthy
A: almost no armour, amphibious, 8 rings, constrict 8, camouflage 1, gelatinous
body 1
a: Renounce Religion


You were on level 5 of the Dungeon.
You worshipped Dithmenos.
Dithmenos was aware of your devotion.
You were very hungry.

You visited 1 branch of the dungeon, and saw 5 of its levels.

You collected 155 gold pieces.

Inventory:

Hand Weapons
 a - a +0 long sword (weapon)
 u - a +1 dagger of venom
Armour
 b - a +1 shield (worn)
Jewellery
 h - a ring of protection from cold (left tentacle)
 k - an uncursed ring of teleportation
Wands
 f - a wand of polymorph (6/24)
Scrolls
 j - 2 scrolls of enchant armour
 l - a scroll of amnesia
 n - a scroll of fog
 o - 2 scrolls of remove curse
Potions
 c - 2 potions of might
 i - a potion of heal wounds {unknown}
 r - 2 potions of agility {unknown}
 t - a potion of lignification {unknown}
 v - a potion of invisibility {unknown}
 x - a potion of berserk rage {unknown}
Comestibles
 d - 5 bread rations
 g - 3 meat rations


   Skills:
 + Level 6.2 Fighting
 + Level 5.5 Long Blades
 - Level 3.0 Dodging
 - Level 3.0 Shields


You had 6 spell levels left.
You didn't know any spells.

Dungeon Overview and Level Annotations

Branches:
Dungeon (5/15)
 Temple: D:4-7

Altars:
Ashenzari
Cheibriados
Dithmenos
Gozag
Makhleb
Nemelex Xobeh
Qazlal
The Shining One


Innate Abilities, Weirdness & Mutations

You cannot wear most types of armour.
You are amphibious.
You can wear up to eight rings at the same time.
You can use your tentacles to constrict eight enemies at once.
Your skin changes colour to match your surroundings (Stealth).
Your rubbery body absorbs attacks (AC +1).


Message History

The hound completely misses you. The ogre barely misses you.
You are feeling very hungry.
You barely miss the ogre. Your squeeze misses the ogre.
The ogre is severely wounded.
The hound closely misses you. The hound bites you.
* * * LOW HITPOINT WARNING * * *
The ogre misses you.
You hit the ogre.
The ogre is almost dead.
The hound bites you.
* * * LOW HITPOINT WARNING * * *
The hound bites you.
* * * LOW HITPOINT WARNING * * *
Drink which item? (? for menu, Esc to quit)
Okay, then.
You hit the ogre. You squeeze the ogre.
You kill the ogre!
Dithmenos accepts your kill. The hound barely misses you. The hound bites you.
You die...

...#....#
........+
.......######.
##............ .
+.............
...##........#...
.......)h..$...).
.......@.<.......
.............?...
............#....
.................
####.#.......## .
#.##.......# #
#.......#
........#


You could see a hound.

Vanquished Creatures
  An ogre (D:5)
  A scorpion (D:4)
  A giant frog skeleton (D:5)
  2 orc priests (D:4)
  2 orc wizards (D:4)
  2 iguanas (D:4)
  A worker ant (D:4)
  Robin (D:4)
  6 adders
  A gnoll (D:1)
  An ooze (D:2)
  An adder skeleton (D:4)
  3 dart slugs
  3 giant geckos
  10 orcs
  A ball python (D:1)
  9 bats
  4 giant cockroaches
  10 hobgoblins
  11 jackals
  A quokka (D:4)
  A ball python skeleton (D:4)
  6 giant newts
  24 goblins
  13 kobolds
  4 rats
120 creatures vanquished.

Notes
Turn   | Place    | Note
--------------------------------------------------------------
     0 | D:1      | luca467 the Octopode Fighter began the quest for the Orb.
     0 | D:1      | Reached XP level 1. HP: 16/16 MP: 1/1
    91 | D:1      | Reached XP level 2. HP: 21/21 MP: 2/2
   270 | D:1      | Reached XP level 3. HP: 26/26 MP: 3/3
   468 | D:1      | Reached skill level 4 in Fighting
   830 | D:2      | Reached XP level 4. HP: 29/33 MP: 4/4
  1656 | D:3      | Reached XP level 5. HP: 31/38 MP: 5/5
  1702 | D:3      | Found a snail-covered altar of Cheibriados.
  1702 | D:3      | Found an opulent altar of Gozag.
  1703 | D:3      | Found a stormy altar of Qazlal.
  1703 | D:3      | Found a shattered altar of Ashenzari.
  1704 | D:3      | Found a burning altar of Makhleb.
  1704 | D:3      | Found a shadowy altar of Dithmenos.
  1704 | D:3      | Found a glowing golden altar of the Shining One.
  1705 | D:3      | Found a sparkling altar of Nemelex Xobeh.
  1717 | D:3      | Became a worshipper of Dithmenos the Shadowed
  2454 | D:4      | Reached skill level 5 in Fighting
  2455 | D:4      | HP: 1/39 [worker ant (4)]
  2465 | D:4      | Reached XP level 6. HP: 12/45 MP: 6/6
  2832 | D:4      | Noticed Robin
  2849 | D:4      | Reached * piety under Dithmenos
  2851 | D:4      | Killed Robin
  3211 | D:4      | Reached skill level 5 in Long Blades
  3477 | D:4      | Reached XP level 7. HP: 46/51 MP: 7/7
  3852 | D:5      | Entered Level 5 of the Dungeon
  3861 | D:5      | HP: 2/51 [ogre/giant spiked club (26)]
  3864 | D:5      | Reached skill level 6 in Fighting
  3868 | D:5      | Slain by a hound

Skill      XL: |  1  2  3  4  5  6  7 |
---------------+----------------------+-----
Fighting       | 4 5 6 |  6.2
Long Blades    | 3 4 5 |  5.5
Dodging        | |  3.0
Shields        | |  3.0

Action                   |  1- 3 |  4- 6 |  7- 9 || total
-------------------------+-------+-------+-------++-------
Melee: Long sword        |    59 |   167 |    13 ||   239
       Tentacles         |    12 |    29 |     2 ||    43
       Constrict         |    13 |    52 |     2 ||    67
  Use: Scroll            |     1 |     3 |     5 ||     9
       Potion            |       |     4 |     2 ||     6
 Stab: Sleeping          |     5 |    11 |     1 ||    17
       Distracted        |       |     1 |       ||     1
  Eat: Chunk             |       |     9 |       ||     9
Armor: Skin              |     9 |    11 |       ||    20
Dodge: Dodged            |    35 |    58 |    14 ||   107
Block: Shield            |    24 |    82 |     5 ||   111
